 Dungeon Crawl Stone Soup version 0.30.1-9-gdf580d7c3d (webtiles) character file.

Game seed: 16682560196292273841

1824 lonewolfV2 the Chopper (level 9, -3/46 HPs)
             Began as a Vine Stalker Fighter on Sept 27, 2023.
             Slain by a sky beast (6 damage)
             ... on level 6 of the Dungeon.
             The game lasted 00:06:58 (5191 turns).

lonewolfV2 the Chopper (Vine Stalker Fighter)       Turns: 5191, Time: 00:06:59

Health: -3/46      AC:  7    Str: 24    XL:     9   Next: 11%
Magic:  0/10       EV: 15    Int: 14    God:
Gold:   309        SH:  6    Dex: 13    Spells: 8/8 levels left

rFire   . . .        u - +4 war axe
rCold   . . .        c - +1 buckler
rNeg    . . .        b - +0 scale mail
rPois   .            (no helmet)
rElec   .            (no cloak)
rCorr   .            (no gloves)
SInv    .            (no boots)
Will    +....        (no amulet) Stlth
                     n - +6 ring of intelligence
HPRegen 1.07/turn    l - +5 ring of evasion
MPRegen 0.12/turn

%: guardian spirit
@: no status effects
A: fangs 3, regeneration 1, magic shield, antimagic bite, no potion heal 2
a: no special abilities


You were on level 6 of the Dungeon.
You visited 1 branch of the dungeon, and saw 7 of its levels.

You collected 309 gold pieces.

Inventory:

Hand Weapons
 a - a +0 war axe
 u - a +4 war axe (weapon)
Missiles
 g - 2 throwing nets (quivered)
Armour
 b - a +0 scale mail (worn)
 c - a +1 buckler (worn)
Jewellery
 f - a ring of willpower
 i - a ring of resist corrosion
 l - a +5 ring of evasion (right hand)
 n - a +6 ring of intelligence (left hand)
Wands
 d - a wand of charming (10)
 t - a wand of acid (12)
 w - a wand of flame (31)
Scrolls
 e - 3 scrolls of teleportation
 k - 2 scrolls of magic mapping
Potions
 h - a potion of heal wounds
 j - a potion of invisibility {unknown}
 m - a potion of berserk rage
 o - 2 potions of flight {unknown}
 p - a potion of mutation {unknown}
 q - 3 potions of haste
 r - 2 potions of degeneration
 s - 3 potions of curing
 v - a potion of might


   Skills:
 + Level 4.7 Fighting
 + Level 6.7 Axes
 + Level 5.5 Armour
 + Level 2.5 Dodging
 + Level 1.5 Stealth
 + Level 4.3 Shields


You had 8 spell levels left.
You didn't know any spells.
Your spell library contained the following spells:

 Spells                   Type           Power      Damage    Failure   Level
 Apportation              Tloc           0%         N/A       63%         1
 Freeze                   Ice            0%         1d3       63%         1
 Magic Dart               Conj           0%         1d3       63%         1
 Sting                    Tmut/Pois      0%         1d3       63%         1
 Call Imp                 Summ           0%         N/A       77%         2
 Poisonous Vapours        Pois/Air       0%         N/A       77%         2
 Sublimation of Blood     Necr           0%         N/A       77%         2
 Dazzling Flash           Conj/Hex       0%         N/A       94%         3
 Frozen Ramparts          Ice            0%         1d1       94%         3
 Gell's Gravitas          Tloc           0%         N/A       94%         3
 Mephitic Cloud           Conj/Pois/Air  0%         N/A       94%         3
 Volatile Blastmotes      Fire/Tloc      0%         2d10      94%         3
 Iskenderun's Mystic Bla  Conj/Tloc      0%         2d3       100%        4
 Olgreb's Toxic Radiance  Pois           0%         N/A       100%        4
 Petrify                  Tmut/Erth      0%         N/A       100%        4
 Irradiate                Conj/Tmut      0%         3d11      100%        5
 Metabolic Englaciation   Hex/Ice        0%         N/A       100%        5
 Summon Forest            Summ/Tloc      0%         N/A       100%        5
 Eringya's Noxious Bog    Tmut/Pois      0%         N/A       100%        6
 Starburst                Conj/Fire      0%         6d3       100%        6
 Statue Form              Tmut/Erth      0%         N/A       100%        6
 Storm Form               Tmut/Air       0%         N/A       100%        7
 Summon Hydra             Summ           0%         N/A       100%        7
 Chain Lightning          Conj/Air       0%         N/A       100%        9


Dungeon Overview and Level Annotations

Branches:
Dungeon (7/15)
 Temple: D:4-7

Altars:
Makhleb
Ru
Uskayaw

Annotations:
D:5 1 transporter, WaxSun's ghost, novice FoCK
D:6 1 runed translucent door, safid's ghost, novice MfIE


Innate Abilities, Weirdness & Mutations

You have razor-sharp teeth.
Your natural rate of healing is unusually fast.
When hurt, damage is shared between your health and your magic reserves.
Your bite disrupts and absorbs the magic of your enemies.
Potions cannot restore your health.


Message History

You feel sick. The water moccasin misses you.
The kobold hits you with a +0 whip.
There is a stone staircase leading up here.
You closely miss the water moccasin.
The water moccasin is almost dead.
You barely miss the kobold. You slash something!
You feel sick. You block the water moccasin's attack.
You block the kobold's attack. Something barely misses you.
You slash the water moccasin!
You kill the water moccasin!
You barely miss the kobold. You barely miss something.
You feel sick. Something hits you.
* * * LOW HITPOINT WARNING * * *
Something shocks you.
* * * LOW HITPOINT WARNING * * *
You feel sick. The kobold hits you with a +0 whip.
* * * LOW HITPOINT WARNING * * *
Something hits you but does no damage.
You climb upwards.
Level annotation: 1 runed translucent door, safid's ghost, novice MfIE Reactivating autopickup.
You feel sick.
There is a stone staircase leading down here.
You hit the kobold.
You kill the kobold!
You hit something but do no damage.
You feel sick. Something hits you. Something shocks you.
* * * LOW HITPOINT WARNING * * *
Deactivating autopickup; reactivate with Ctrl-A.
You feel sick.
You are no longer poisoned.
Something barely misses you.
Things that are here:
a +0 whip; a kobold corpse You start resting.
Something hits you. Something shocks you.
* * * LOW HITPOINT WARNING * * *
You start resting.
Something hits you.
* * * LOW HITPOINT WARNING * * *
Something shocks you.
You die...

........#.#######................
.#......#.#.....)...##..>........
........#.#.....##.##....)#......
........#.#......#..##....###....
......###.##.#.#....#.....###....
.......##.##.....[...#.....#.....
......#.#.##.#.#.[..##..#####....
......#...#...[...####...##......
...?............@>#.#....#.......
.....###.......................#.
.....##...........##).#..#####...
......##..........#####......#...
#...#..#......##...#########.#..#
##..#......#.####....## #.#...
#..#.#.#..#.# ###...######.#..#
###.###..##..#######.........#.##
.....##.###..(...#.#...<.#####...


There were no monsters in sight!

Vanquished Creatures
  Menkaure (D:5)
  A water moccasin (D:7)
  A sky beast (D:6)
  A black bear (D:6)
  3 ice beasts
  3 ogres
  A kobold brigand (D:6)
  A phantom (D:5)
  5 wights
  3 jellies
  A hound (D:4)
  2 orc priests (D:7)
  Crazy Yiuf (D:6)
  A sleepcap (D:5)
  2 iguanas (D:4)
  An orc wizard (D:5)
  7 adders
  A shadow imp (D:5)
  A white imp (D:6)
  3 ufetubi
  3 worms
  2 dart slugs
  13 orcs
  5 ball pythons
  2 bats
  11 endoplasms
  2 giant cockroaches
  8 goblins
  5 hobgoblins
  3 jackals (D:1)
  3 quokkas
  3 frilled lizards
  12 kobolds
  5 rats
117 creatures vanquished.

Notes
Turn   | Place    | Note
-------+----------+-------------------------------------------
     0 | D:1      | lonewolfV2 the Vine Stalker Fighter began the quest for the
                  | Orb.
     0 | D:1      | Reached XP level 1. HP: 11/11 MP: 2/2
   337 | D:1      | Reached XP level 2. HP: 16/16 MP: 3/3
   430 | D:1      | Found a faded altar of an unknown god.
   478 | D:1      | Reached skill level 2 in Axes
   972 | D:2      | Reached XP level 3. HP: 18/20 MP: 4/4
  1257 | D:2      | Gained mutation: Your natural rate of healing is unusually
                  | fast. [Vine Stalker growth]
  1257 | D:2      | Reached XP level 4. HP: 18/24 MP: 3/5
  2035 | D:3      | Found a hide-covered altar of Uskayaw.
  2179 | D:3      | Noticed an ogre
  2183 | D:3      | Killed an ogre
  2184 | D:3      | Reached skill level 3 in Axes
  2184 | D:3      | Reached XP level 5. HP: 22/28 MP: 4/6
  2853 | D:4      | Reached XP level 6. HP: 25/32 MP: 5/7
  2882 | D:4      | Noticed an ice beast
  2900 | D:4      | Killed an ice beast
  2901 | D:4      | Reached skill level 1 in Dodging
  3106 | D:4      | Found a burning altar of Makhleb.
  3191 | D:4      | Reached skill level 4 in Axes
  3191 | D:4      | Reached XP level 7. HP: 24/36 MP: 4/8
  3409 | D:5      | Entered Level 5 of the Dungeon
  3560 | D:5      | Noticed Menkaure
  3565 | D:5      | Killed Menkaure
  3566 | D:5      | Reached skill level 1 in Stealth
  3604 | D:5      | Found a transporter.
  3607 | D:5      | Noticed WaxSun's ghost (novice FoCK)
  3660 | D:5      | Found a sacrificial altar of Ru.
  3725 | D:5      | Reached skill level 5 in Axes
  3725 | D:5      | Gained mutation: You have razor-sharp teeth. [Vine Stalker
                  | growth]
  3725 | D:5      | Reached XP level 8. HP: 38/42 MP: 9/9
  4361 | D:6      | Got the Secrets of Cryomancy and the Valley
  4400 | D:6      | Reached skill level 6 in Axes
  4400 | D:6      | Reached skill level 5 in Armour
  4404 | D:6      | Found a runed translucent door.
  4414 | D:6      | Noticed safid's ghost (novice MfIE)
  4432 | D:6      | Found a runed translucent door.
  4433 | D:6      | Noticed Crazy Yiuf
  5100 | D:6      | Killed Crazy Yiuf
  5101 | D:6      | Reached XP level 9. HP: 37/46 MP: 7/10
  5170 | D:7      | Got the Treatise on Feathers and the Map
  5191 | D:6      | Slain by a sky beast

Illustrated notes

Levels and vault maps discovered:
D:1:      tekkud_arrival_beachfront_property, layout_basic,
          hellmonk_ecumenical_altar_crossroads
D:2:      layout_basic, chequers_serial_rivers_room_a, corexii_corridor_pit
D:3:      layout_loops_ring, mainiacjoe_overflow_chevrons,
          minmay_stone_trees_medium, st_stairs_13
D:4:      layout_basic, kennysheep_mini_moat, serial_rivers,
          chequers_serial_rivers_micro_c, chequers_serial_rivers_marsh,
          chequers_serial_rivers_large_a, chequers_serial_rivers_marsh
D:5:      layout_basic, nicolae_ru_sacrificial_ziggurat, gammafunk_ghost_smash,
          uniq_menkaure
D:6:      layout_cave_pools, gammafunk_ghost_grave, serial_co_window_serial,
          co_window_of_opportunity_a, co_window_paths_a,
          co_window_of_opportunity_a, co_window_paths_a, co_window_paths_a,
          co_window_paths_c, co_window_of_opportunity_c,
          co_window_unsneaky_path_c, co_window_corner_cb, co_window_broadway_c,
          co_window_2corner, glass_columns_a, glass_columns_b, glass_columns_a,
          glass_columns_a, uniq_crazy_yiuf_cottage
D:7:      layout_rooms, general_overflow_altar,
          minmay_temple_entry_statues_fountains, uniq_pikel

Skill      XL: |  1  2  3  4  5  6  7  8 |
---------------+-------------------------+-----
Axes           | 2 3 4 5 6 |  6.7
Fighting       | 3 4 |  4.7
Armour         | 3 4 5 |  5.5
Shields        | 3 4 |  4.3
Dodging        | 1 2 |  2.5
Stealth        | 1 |  1.5

Action                     |  1- 3 |  4- 6 |  7- 9 || total
---------------------------+-------+-------+-------++-------
  Melee: War axe           |    84 |   137 |   119 ||   340
         Bite              |    16 |    30 |    40 ||    86
    Use: Scroll            |     6 |     5 |     3 ||    14
         Potion            |       |     1 |       ||     1
 Armour: Scale mail        |    42 |    37 |    42 ||   121
  Dodge: Dodged            |    38 |   111 |    94 ||   243
  Block: Buckler           |    21 |    27 |    24 ||    72
